 Dungeon Crawl Stone Soup version 0.17-a0-802-g1f09329 (webtiles) character file.

51 namelastname112 the Stinger (level 3, -1/26 HPs)
             Began as a Draconian Venom Mage on Apr 26, 2015.
             Slain by a worm (10 damage)
             ... on level 2 of the Dungeon.
             The game lasted 00:02:14 (1158 turns).

namelastname112 the Stinger (Draconian Venom Mage)  Turns: 1158, Time: 00:02:14

Health: -1/26      AC:  5    Str: 10    XL:     3   Next: 58%
Magic:  1/7        EV: 12    Int: 15    God:
Gold:   31         SH:  0    Dex: 12    Spells: 1 memorised, 7 levels left

rFire  . . .     SeeInvis .     k - +1 short sword (venom)
rCold  . . .     Clarity  .     (armour unavailable)
rNeg   . . .     SustAb   .     (no shield)
rPois  .         Gourm    .     (helmet restricted)
rElec  .         Spirit   .     (no cloak)
rCorr  .         Warding  .     (no gloves)
rMut   .         Stasis   .     (no boots)
MR     .....                    (no amulet)
Stlth  ++........               (no ring)
                                (no ring)

@: not resistant to hostile enchantments, unstealthy
A: unfitting armour, cold-blooded, AC +5
a: no special abilities


You were on level 2 of the Dungeon.
You were not hungry.

You visited 1 branch of the dungeon, and saw 2 of its levels.

You collected 31 gold pieces.

Inventory:

Hand weapons
 d - a +0 dagger
 k - a +1 short sword of venom (weapon)
Missiles
 j - 3 curare-tipped needles
Scrolls
 f - a scroll of teleportation {unknown}
 g - a scroll of fear {unknown}
 i - a scroll of identify {unknown}
 l - a scroll of remove curse {unknown}
 o - a scroll of enchant armour {unknown}
Potions
 c - a potion of heal wounds
 e - a potion of brilliance {unknown}
Books
 a - a Young Poisoner's Handbook

   Spells                             Type                      Level
   a - Sting                          Conjuration/Poison           1
   b - Cure Poison                    Poison                       2
   c - Mephitic Cloud                 Conjuration/Poison/Air       3
   d - Olgreb's Toxic Radiance        Poison                       4
   e - Venom Bolt                     Conjuration/Poison           5
Comestibles
 b - a bread ration
 h - 2 meat rations
 m - 2 chunks of flesh
 n - a slice of pizza


   Skills:
 - Level 1.7 Dodging
 - Level 1.7 Stealth
 + Level 3.0 Spellcasting
 + Level 4.7 Poison Magic


You had 7 spell levels left.
You knew the following spells:

 Your Spells              Type           Power        Failure   Level  Hunger
z - Sting                 Conj/Pois      #...         10%         1    #......


Dungeon Overview and Level Annotations

Branches:
Dungeon (2/15)

Altars:


Innate Abilities, Weirdness & Mutations

Your plain brown scales are hard (AC +5).
Your body does not fit into most forms of armour.
You are cold-blooded and may be slowed by cold attacks.


Message History

The sting hits the worm.
The worm is poisoned.
The worm is lightly wounded.
Casting: Sting
Confirm with . or Enter, or press ? or * to list all spells.
Aiming: Sting
Press: ? - help, Shift-Dir - straight line, f/p - worm
Aim: a worm (moderately wounded, poisoned)
The sting misses the worm.
You hit the worm.
The worm looks even sicker.
Your tail-slap misses the worm.
The worm is moderately wounded.
The worm barely misses you.
You hit the worm.
The worm looks even sicker.
The worm is moderately wounded.
You hit the worm but do no damage. You tail-slap the worm.
The worm is severely wounded.
The worm bites you!
You hit the worm.
The worm is severely wounded.
The worm bites you!
You die...

#.......###..
#.....#...... .
##...##...... ...
#....#....... ...###
#...##...††..
....####..###....... #
#..##...###.......
#.#..###................
#...?.w@##....###.......
###.....##....# #.......
#.....##....# #.......
########....# #.......
#....# #....... #....#
##...... ##..## ##.....
#.. #### #


You could see a worm.

Vanquished Creatures
  2 adders (D:2)
  2 giant geckos (D:1)
  A giant cockroach (D:1)
  5 goblins (D:1)
  3 hobgoblins (D:1)
  2 jackals (D:2)
  4 kobolds (D:1)
  A bat (D:2)
  5 giant newts
  2 quokkas (D:2)
  4 rats (D:1)
31 creatures vanquished.

Notes
Turn   | Place    | Note
--------------------------------------------------------------
     0 | D:1      | namelastname112, the Draconian Venom Mage, began the quest for the Orb.
     0 | D:1      | Reached XP level 1. HP: 14/14 MP: 3/3
   385 | D:1      | Reached XP level 2. HP: 18/20 MP: 0/5
  1022 | D:2      | Reached XP level 3. HP: 22/26 MP: 1/7
  1158 | D:2      | Slain by a worm

Action                   || total
-------------------------++-------
Melee: Dagger            ||    44
       Unarmed           ||     2
       Short sword       ||    26
 Cast: Sting             ||    50
  Use: Potion            ||     1
  Eat: Chunk             ||     1
